 Dungeon Crawl Stone Soup version 0.28-a0-384-g9e0c098162 (webtiles) character file.

Game seed: 4792982938855145998

5779 flotson the Spear-Bearer (level 10, -26/82 HPs)
             Began as a Merfolk Delver on Sept 2, 2021.
             Was an Initiate of Gozag.
             Annihilated by a large abomination (29 damage)
             ... on level 1 of the Abyss.
             The game lasted 00:22:05 (13404 turns).

flotson the Spear-Bearer (Merfolk Delver)          Turns: 13404, Time: 00:22:05

Health: -26/82     AC: 16    Str: 16    XL:     10   Next: 78%
Magic:  10/10      EV: 13    Int: 10    God:    Gozag
Gold:   1472       SH: 11    Dex: 15    Spells: 9/9 levels left

rFire   + . .      SeeInvis .   a - +1 trident
rCold   + . .      Faith    .   x - +2 kite shield
rNeg    . . .      Spirit   .   w - +3 ring mail {rC+}
rPois   .          Reflect  .   k - +2 helmet
rElec   .          Harm     .   p - +0 cloak
rCorr   .          Rampage  .   (no gloves)
Will    .....                   y - +2 pair of boots
Stlth   ++........              (no amulet)
HPRegen 0.23/turn               b - ring of protection from fire
MPRegen 0.12/turn               (no ring)

@: no status effects
A: (nimble swimmer 2), mertail
a: Renounce Religion, Potion Petition, Call Merchant, Bribe Branch


You were on level 1 of the Abyss.
You worshipped Gozag.
Gozag was most pleased with you.
You visited 2 branches of the dungeon, and saw 12 of its levels.
You visited the Abyss 1 time.

You collected 1544 gold pieces.
You spent 36 gold pieces at shops.
You paid 36 gold pieces to Gozag.

Inventory:

Hand Weapons
 a - a +1 trident (weapon)
 t - a +0 scimitar of flaming
Missiles
 m - 14 boomerangs
 r - 36 poisoned darts (quivered)
Armour
 k - a +2 helmet (worn)
 p - a +0 cloak (worn)
 w - a +3 ring mail of cold resistance (worn)
 x - a +2 kite shield (worn)
 y - a +2 pair of boots (worn)
Jewellery
 b - a ring of protection from fire (left hand)
 z - a ring of ice
Wands
 g - a wand of digging (7)
Scrolls
 c - 2 scrolls of fog
 d - a scroll of magic mapping
 h - a scroll of enchant armour
 i - a scroll of immolation {unknown}
 l - a scroll of noise
 n - a scroll of amnesia {unknown}
 o - a scroll of teleportation
 s - 2 scrolls of enchant weapon
 v - a scroll of holy word {unknown}
 A - a scroll of identify
 C - a scroll of blinking {unknown}
Potions
 e - a potion of attraction
 j - a potion of cancellation
 q - 2 potions of resistance


   Skills:
 + Level 8.4 Fighting
 + Level 10.3 Polearms
 + Level 6.5 Throwing
 + Level 5.1 Armour
 + Level 9.4 Dodging
 - Level 5.4 Stealth
 + Level 3.2 Shields


You had 9 spell levels left.
You didn't know any spells.
Your spell library was empty.

Dungeon Overview and Level Annotations

Branches:
Dungeon (11/15)            Temple (1/1) D:4            Lair (0/6) D:9
    Orc: D:9-12

Altars:
Ashenzari
Cheibriados
Elyvilon
Fedhas
Gozag
Kikubaaqudgha
Makhleb
Okawaru
Qazlal
Ru
Sif Muna
Trog
Uskayaw
Vehumet
Wu Jian
Xom
Yredelemnul
Zin
The Shining One

Shops:
D:1 ?

Annotations:
D:8 Psyche


Innate Abilities, Weirdness & Mutations

((You are quick and stealthy near water. (Stealth+, EV+, Speed+++)))
Your lower body shifts to a powerful aquatic tail in water.


Message History

You start waiting.
A large abomination is nearby!
You reach to attack!
You hit the large abomination but do no damage.
You hit the large abomination but do no damage.
The large abomination hits you!!
You hit the large abomination.
The large abomination is lightly damaged.
The large abomination hits you!!
You are too injured to fight recklessly!
You are too injured to fight recklessly!
You are too injured to fight recklessly!
You are too injured to fight recklessly!
You hit the large abomination.
The large abomination is lightly damaged.
The large abomination misses you.
You hit the large abomination.
The large abomination is moderately damaged.
You block the large abomination's attack.
You hit the large abomination but do no damage.
The large abomination is moderately damaged.
You block the large abomination's attack.
You hit the large abomination but do no damage.
The large abomination is moderately damaged.
The large abomination hits you!!
* * * LOW HITPOINT WARNING * * *
You hit the large abomination.
The large abomination is moderately damaged.
The large abomination barely misses you.
You hit the large abomination but do no damage.
The large abomination is moderately damaged.
You block the large abomination's attack.
You hit the large abomination but do no damage.
The large abomination is moderately damaged.
The large abomination closely misses you.
You barely miss the large abomination.
The large abomination is moderately damaged.
The large abomination hits you!!
You die...
Your body crumbles into a pile of gold.

### #.# # #
#. #. #.###
# ###
##.X@#
.......####
# .... #
#......
..... #....
. #..X..X
.... . ..
...


You could see a large abomination.

Vanquished Creatures
  Erica (D:8)
  Grinder (D:5)
  A hornet (D:6)
  A small abomination (Abyss:1)
  Sigmund (D:4)
  2 wyverns
  Eustachio (D:7)
  Grum (D:8)
  A steam dragon (D:4)
  Menkaure (D:6)
  3 water moccasins
  3 orc warriors (D:7)
  A sky beast (D:6)
  2 black bears
  3 necrophages
  2 wolves (D:8)
  An ogre (D:5)
  A centaur (D:8)
  2 kobold brigands
  Blork the orc (D:4)
  5 bullfrogs
  5 scorpions
  A gnoll sergeant (D:7)
  A water moccasin zombie (D:5)
  2 water moccasin skeletons
  8 wights
  A howler monkey (D:6)
  2 centaur zombies
  A jelly (D:7)
  Crazy Yiuf (D:2)
  A bullfrog zombie (D:5)
  2 centaur skeletons
  2 hounds
  An orc priest (D:7)
  A gnoll shaman (D:4)
  2 orc wizards
  An iguana (D:6)
  A howler monkey skeleton (D:7)
  10 gnolls
  6 adders
  A white imp (D:6)
  3 ufetubi
  3 worms
  2 dart slugs
  11 orcs
  4 bats
  6 endoplasms
  5 giant cockroaches
  7 goblins
  4 hobgoblins
  6 jackals
  23 kobolds
  3 quokkas
  3 frilled lizards
  3 rats
168 creatures vanquished.

Vanquished Creatures (others)
  An ogre (D:6)
  38 fungi (D:9)
  31 plants (D:9)
70 creatures vanquished.

Grand Total: 238 creatures vanquished

Notes
Turn   | Place    | Note
-------+----------+-------------------------------------------
     0 | D:5      | flotson the Merfolk Delver began the quest for the Orb.
     0 | D:5      | Reached XP level 1. HP: 18/18 MP: 1/1
    53 | D:5      | Noticed an ogre
   148 | D:5      | Reached XP level 2. HP: 2/25 MP: 2/2
   148 | D:5      | Reached XP level 3. HP: 2/30 MP: 3/3
   458 | D:4      | Found a staircase to the Ecumenical Temple.
   466 | Temple   | Entered the Ecumenical Temple
   690 | Temple   | Became a worshipper of Gozag Ym Sagoz the Greedy
   728 | D:4      | Noticed Blork the orc
   922 | D:2      | Reached skill level 1 in Armour
  1223 | D:1      | Found Orelogont's Magic Scroll Shoppe.
  1231 | D:1      | Bought a scroll of identify for 24 gold pieces
  1231 | D:1      | Bought a scroll of noise for 12 gold pieces
  1359 | D:1      | Reached XP level 4. HP: 33/37 MP: 4/4
  1550 | D:1      | Reached skill level 4 in Polearms
  1823 | D:1      | Found a faded altar of an unknown god.
  2213 | D:2      | Noticed a scorpion
  2510 | D:2      | Reached XP level 5. HP: 39/42 MP: 5/5
  2956 | D:2      | Found a runed translucent door.
  2957 | D:2      | Noticed Crazy Yiuf
  3031 | D:2      | Reached skill level 1 in Throwing
  3358 | D:3      | Noticed a necrophage
  3383 | D:3      | Killed a necrophage
  3384 | D:3      | Reached skill level 5 in Polearms
  3384 | D:3      | Reached XP level 6. HP: 29/49 MP: 6/6
  4205 | D:3      | Found a glowing golden altar of the Shining One.
  4497 | D:2      | Killed Crazy Yiuf
  4987 | D:4      | Noticed a steam dragon
  5119 | D:4      | Reached skill level 5 in Dodging
  5123 | D:4      | Reached XP level 7. HP: 43/55 MP: 7/7
  5388 | D:4      | Killed Blork the orc
  5389 | D:4      | Reached skill level 5 in Fighting
  5444 | D:4      | Noticed Sigmund
  5452 | D:4      | Killed Sigmund
  5453 | D:4      | Reached skill level 6 in Polearms
  5645 | D:4      | Killed a steam dragon
  5930 | D:5      | Reached XP level 8. HP: 36/63 MP: 8/8
  6138 | D:5      | Noticed Grinder
  6175 | D:5      | Killed Grinder
  6176 | D:5      | Reached skill level 7 in Polearms
  6496 | D:5      | Noticed a shapeshifter
  6496 | D:5      | a gnoll sergeant changed into a shapeshifter
  6496 | D:5      | Noticed a rime drake
  6496 | D:5      | a shapeshifter changed into a rime drake
  6500 | D:5      | Noticed a yak
  6500 | D:5      | a rime drake changed into a yak
  6987 | D:5      | Found a radiant altar of Vehumet.
  7833 | D:6      | Noticed Menkaure
  7853 | D:6      | Killed Menkaure
  7854 | D:6      | Reached XP level 9. HP: 24/71 MP: 9/9
  8182 | D:6      | Reached skill level 8 in Polearms
  8443 | D:6      | Noticed a hornet
  8450 | D:6      | Paralysed by a hornet for 1 turns
  8455 | D:6      | Killed a hornet
  8707 | D:7      | Reached skill level 5 in Throwing
  8978 | D:7      | Noticed Eustachio
  9028 | D:7      | Killed Eustachio
  9029 | D:7      | Reached skill level 9 in Polearms
  9247 | D:7      | Identified the +0 scimitar "Ufoech" {pain, *Noise rElec rC+
                  | Str+8}
  9253 | D:7      | Identified the +1 leather armour of the Minstrel {Rampage
                  | Fly}
  9812 | D:7      | Reached skill level 1 in Shields
 10088 | D:7      | Reached XP level 10. HP: 77/79 MP: 10/10
 11659 | D:8      | Noticed Psyche
 11893 | D:8      | Noticed Grum
 12099 | D:8      | Noticed Erica
 12118 | D:8      | Killed Erica
 12374 | D:8      | Found a snail-covered altar of Cheibriados.
 12420 | D:8      | Reached skill level 10 in Polearms
 12430 | D:8      | Killed Grum
 12750 | D:8      | Reached skill level 5 in Armour
 12883 | D:8      | You fall into a shaft and drop 3 floors!
 12885 | D:11     | Noticed a cyclops
 12908 | D:10     | Entered Level 10 of the Dungeon
 12923 | D:9      | Found a staircase to the Lair.
 13247 | D:7      | Cast into level 1 of the Abyss (Psyche)
 13337 | Abyss:1  | Noticed a large abomination
 13400 | Abyss:1  | HP: 2/82 [large abomination (31)]
 13404 | Abyss:1  | Annihilated by a large abomination

Illustrated notes

Levels and vault maps discovered:
D:1:      eino_arrival_cavern_b, layout_basic,
          shapermc_ecumenical_altar_pompeii, serial_shops, shop
D:2:      layout_rooms, uniq_crazy_yiuf_cottage
D:3:      layout_basic, tso_oasis_becter
D:4:      layout_basic, minmay_temple_entry_mist, uniq_sigmund,
          uniq_blork_the_orc
D:5:      layout_basic, lemuel_doored_altar, uniq_grinder
D:6:      layout_gridville, uniq_menkaure
D:7:      layout_loops_corners, sword_in_stone
D:8:      layout_rooms, mainiacjoe_overflow_concentric_impassable, uniq_psyche,
          uniq_erica, uniq_grum
D:9:      layout_cave_pools, mainiacjoe_overflow_chevrons,
          due_lair_maze_entry_diamond
D:10:     layout_loops_ring, jmf_multi_god_temple, david_orc_3, uniq_nergalle,
          uniq_snorg
D:11:     layout_rooms
Temple:   eino_temple_rhombus
Abyss:1:  base:
D:1

Skill      XL: |  1  2  3  4  5  6  7  8  9 10 |
---------------+-------------------------------+-----
Dodging        | 3 4 5 7 8 9 |  9.4
Armour         | 1 2 3 4 5 |  5.1
Polearms       | 4 5 6 7 9 10 | 10.3
Fighting       | 4 5 6 7 8 |  8.4
Throwing       | 1 2 3 4 5 6 |  6.5
Shields        | 1 3 |  3.2
Stealth        | |  5.4

Action                   |  1- 3 |  4- 6 |  7- 9 | 10-12 || total
-------------------------+-------+-------+-------+-------++-------
Melee: Spear             |    80 |   200 |       |       ||   280
       Quarterstaff      |       |    21 |   232 |       ||   253
       Trident           |       |       |    69 |   271 ||   340
Throw: Boomerang         |       |    18 |     7 |     2 ||    27
       Dart              |       |     4 |    50 |    24 ||    78
  Use: Potion            |     1 |     1 |     2 |     4 ||     8
       Scroll            |       |     4 |     1 |     7 ||    12
 Stab: Sleeping          |     4 |     8 |     8 |       ||    20
       Confused          |       |     1 |       |       ||     1
       Petrifying        |       |       |     3 |       ||     3
       Paralysed         |       |       |     3 |       ||     3
       Distracted        |       |       |     1 |     1 ||     2
Armor: Leather armour    |    11 |    18 |       |       ||    29
       Scale mail        |       |    32 |    49 |       ||    81
       Ring mail         |       |       |   107 |   124 ||   231
Dodge: Dodged            |    35 |   108 |   221 |   152 ||   516
Block: Kite shield       |       |       |    34 |   178 ||   212

Table legend: (Time is in decaauts)
 A = Elapsed time spent in this place.
 B = Non-inter-level travel time spent in this place.
 C = Inter-level travel time spent in this place.
 D = Time resting spent in this place.
 E = Time spent auto-exploring this place.
 F = Levels seen in this place.
 G = Mean time per level.
                   A        B        C        D        E       F      G
               +--------+--------+--------+--------+--------+-----+--------+
         Total |  13444 |  12730 |    714 |   1230 |   9140 |  13 | 1034.2 |
       Dungeon |  13064 |  12413 |    651 |   1225 |   8893 |  11 | 1187.6 |
        Temple |    223 |    160 |     63 |      0 |    135 |   1 |  223.0 |
         Abyss |    157 |    157 |      0 |      5 |    112 |   1 |  157.0 |
               +--------+--------+--------+--------+--------+-----+--------+

Top non-repeatable levels by time:
     D:7: 3313 daAuts
     D:5: 1909 daAuts
     D:4: 1454 daAuts
     D:2: 1439 daAuts
     D:3: 1297 daAuts
     D:1: 1225 daAuts
     D:6: 1115 daAuts
     D:8: 1092 daAuts
  Temple: 223 daAuts
     D:9: 175 daAuts
 Abyss:1: 157 daAuts
    D:11: 24 daAuts
    D:10: 14 daAuts
